Map: Abyssal Reef LE

Players

ezpz - Winner!

  • Race: Zerg Zerg
  • League: Diamond
  • Spawn Location: 5:00

rafapras

  • Race: Protoss Protoss
  • League: Diamond
  • Spawn Location: 11:00

VOD

Have the link to the VOD?

Description

Time

  • Played on: Dec. 2, 2017, 3:17 p.m.
  • Length: 7:12
Show
View Real Time Build Order
Export as new Build Order

ezpz Zerg - Winner!

Build Orders: Hatch First 

Get SALT Encoding   

  12  0:01  Drone  
  13  0:15  Drone  
  13  0:17  Overlord  
  14  0:26  Extractor  
  14  0:27  Drone, Extractor  
  13  0:29  Drone  
  16  0:37  Drone  
  17  0:56  Hatchery  
  16  0:58  Drone  
  16  1:00  Extractor  
  16  1:02  Drone  
  17  1:17  Spawning Pool  
  16  1:20  Drone  
  17  1:29  Drone  
  18  1:34  Drone  
  19  1:42  Drone  
  20  1:55  Drone  
  21  2:06  Metabolic Boost  
  21  2:07  Queen  
  23  2:09  Queen  
  23  2:13  Zergling x2  
  26  2:21  Overlord  
  26  2:23  Drone  
  26  2:25  Drone  
  28  2:39  Drone  
  28  2:40  Drone x2  
  31  2:56  Queen  
  35  2:59  Pneumatized Carapace  
  35  3:05  Drone x3  
  36  3:21  Overlord x2  
  35  3:43  Hatchery  
  35  3:45  Drone x2  
  35  3:46  Drone x4  
  40  3:57  Lair  
  40  3:59  Drone x2  
  42  4:08  Queen  
  44  4:11  Drone x2  
  44  4:12  Drone x5  
  51  4:21  Zergling x2  
  52  4:24  Overlord  
  52  4:26  Overlord  
  52  4:35  Roach Warren  
  51  4:38  Zergling x2  
  52  4:47  Overlord x3  
  52  4:48  Drone  
  52  4:49  Zergling x6  
  56  5:10  Zergling x12  
  62  5:21  Glial Reconstitution  
  62  5:24  Drone x2, Extractor  
  62  5:25  Drone x3  
  66  5:31  Evolution Chamber  
  65  5:35  Overseer  
  65  5:56  Extractor  
  64  6:03  Queen, Spore Crawler  
  65  6:04  Overlord x2  
  65  6:06  Roach x10  
  85  6:21  Hatchery  
  85  6:25  Roach x5  
  94  6:50  Ravager x2  
  94  6:51  Zergling x2  
  94  6:52  Zergling x6  
Show
View Real Time Build Order
Export as new Build Order

rafapras Protoss 

Build Orders:  

Get SALT Encoding   

  12  0:01  Probe  
  13  0:13  Probe  
  14  0:22  Pylon  
  14  0:25  Probe  
  15  0:40  Probe (Chrono Boost)  
  17  0:53  Probe (Chrono Boost)  
  17  0:55  Probe  
  18  1:10  Nexus  
  18  1:20  Gateway  
  18  1:29  Forge  
  18  1:35  Assimilator  
  18  1:41  Assimilator  
  18  1:45  Probe (Chrono Boost)  
  20  1:57  Probe (Chrono Boost)  
  20  1:59  Probe  
  21  2:11  Probe  
  21  2:12  Cybernetics Core  
  22  2:20  Pylon  
  22  2:23  Probe x2  
  22  2:28  Zealot  
  26  2:35  Probe  
  27  2:38  Probe  
  28  2:54  Gateway  
  28  2:58  Probe (Chrono Boost)  
  29  3:01  Warp Gate  
  30  3:10  Probe x2 (Chrono Boost)  
  31  3:15  Probe x2 (Chrono Boost), Adept (Chrono Boost)  
  35  3:24  Probe  
  35  3:26  Probe  
  37  3:38  Probe (Chrono Boost)  
  39  3:41  Probe (Chrono Boost), Protoss Ground Weapons Level 1  
  39  3:47  Pylon  
  41  3:50  Probe (Chrono Boost)  
  41  3:53  Probe x2 (Chrono Boost)  
  41  3:55  Twilight Council  
  42  4:00  Probe  
  43  4:04  Probe, Assimilator  
  43  4:06  Assimilator  
  44  4:12  Probe  
  44  4:13  Robotics Facility  
  44  4:16  Probe  
  46  4:24  Probe  
  46  4:28  Probe  
  48  4:36  Probe, Charge (Chrono Boost)  
  49  4:40  Probe  
  49  4:42  Pylon  
  50  4:45  Gateway x2  
  50  4:48  Probe  
  50  4:49  Gateway  
  51  4:53  Probe  
  51  4:54  Gateway  
  51  4:55  Gateway  
  52  5:05  Pylon  
  52  5:10  Observer (Chrono Boost)  
  53  5:15  Stalker  
  53  5:20  Stalker  
  53  5:21  Warp Prism (Chrono Boost)  
  59  5:43  Stalker x2  
  63  5:55  Pylon  
  67  5:57  Pylon, Immortal (Chrono Boost)  
  67  5:58  Pylon  
  67  6:00  Stalker  
  69  6:19  Sentry  
  69  6:20  Sentry x2  
  75  6:28  Stalker  
  75  6:29  Stalker x3  
  75  6:32  Immortal (Chrono Boost)  
  87  6:47  Sentry x3  
  77  7:02  Zealot x3  
  77  7:03  Zealot  
Tags
 
Add a new tag
Caveats
  • Supply blocks, unpowered buildings, or Contaminate may cause inaccurate times.
  • Supply counts are checked every 10 seconds.